[Event "GCT Superbet Romania 2022"]
[Site "Bucharest"]
[Date "2022.05.05"]
[Round "1.1"]
[White "Caruana, Fabiano"]
[Black "Firouzja, Alireza"]
[Result "1/2-1/2"]
[ECO "D35"]
[WhiteElo "2786"]
[BlackElo "2804"]
[Annotator "TA"]
[PlyCount "57"]
[EventDate "2022.05.05"]
[EventType "tourn"]
[EventCountry "ROU"]
[SourceTitle "playchess.com"]
[Source "ChessBase"]
[SourceQuality "1"]
[TimeControl "40/5400+30:1800+30"]

1. c4 e6 2. Nc3 d5 3. d4 Nf6 4. cxd5 exd5 5. Bg5 c6 6. e3 h6 7. Bh4 Be7 8. Bd3 O-O 9. Nge2 $1 {[%emt 0:00:16][%mdl 4] is more profitable than 9.Qc2 at the moment. D35: Queen's Gambit Declined: Exchange Variation.} Re8 10. O-O Nbd7 11. a4 {[%emt 0:02:18][%cal Ba2a4,Ba4a5][%mdl 32] The position is equal.} Nh5 12. Bxe7 Qxe7 {[%emt 0:00:05] [#]} 13. a5 $146 (13. Nc1 Nhf6 14. Re1 b6 15. f3 c5 16. Bb5 Bb7 17. dxc5 bxc5 18. Nb3 Rac8 19. Na5) ({Predecessor:} 13. Nc1 Nhf6 14. Re1 b6 15. f3 c5 16. Bb5 Bb7 17. dxc5 bxc5 18. Nb3 Rac8 19. Na5 {0-1 (29) Balic,A (2088)-Krivokapic,M (2416) Cetinje 2009}) 13... a6 14. Ra3 Nf8 15. Na4 Rb8 16. Qd2 Qg5 17. f3 g6 (17... Qxe3+ 18. Qxe3 Rxe3 19. Bh7+ Kxh7 20. Rxe3) ({Less strong is} 17... Qxe3+ 18. Qxe3 Rxe3 {[#]} 19. Bh7+ $1 Kxh7 20. Rxe3 $16) 18. Bb1 Ng7 19. Nf4 Bf5 20. Ba2 h5 21. Qf2 Nd7 22. h4 Qf6 23. b4 Qd6 24. Nc5 Nf6 25. Qg3 {[%emt 0:02:57][%cal Of4h5] Strongly threatening Nxh5!} Qd8 26. Qg5 Qd6 27. Qg3 Qd8 $1 28. Qg5 Qd6 29. Qg3 {[%emt 0:02:33] Weighted Error Value: White=0.08 (flawless) /Black=0.07 (flawless)} 1/2-1/2

[Event "GCT Superbet Romania 2022"]
[Site "Bucharest"]
[Date "2022.05.05"]
[Round "1.2"]
[White "Aronian, Levon"]
[Black "Rapport, Richard"]
[Result "1/2-1/2"]
[ECO "D17"]
[WhiteElo "2765"]
[BlackElo "2776"]
[Annotator "TA RC"]
[PlyCount "77"]
[EventDate "2022.05.05"]
[EventType "tourn"]
[EventCountry "ROU"]
[SourceTitle "playchess.com"]
[Source "ChessBase"]
[SourceQuality "1"]
[TimeControl "40/5400+30:1800+30"]

1. d4 d5 2. c4 c6 3. Nf3 Nf6 4. Nc3 dxc4 5. a4 Bf5 6. Ne5 Nbd7 7. Nxc4 Nb6 8. Ne5 a5 9. f3 $1 {[%emt 0:00:25] 9.f3 is better than 9.g3. D17: Slav Defence: 5 a4 Bf5: Lines with 6 Nh4 and 6 Ne5.} Nfd7 10. Nxd7 $1 Bxd7 11. e4 e6 {[%emt 0:00:31] [#]} 12. Bf4 $146 ({Predecessor:} 12. Be2 Bb4 13. O-O O-O 14. Kh1 h6 15. Be3 Rc8 16. Qb3 c5 17. Rfd1 Qe7 18. dxc5 Bxc5 {0-1 (46) Grischuk,A (2777)-Giri,A (2764) chess24.com INT 2020}) 12... Bb4 13. Be2 O-O 14. O-O Rc8 15. Rf2 Be8 16. Bf1 f5 17. g3 Bg6 18. h4 (18. Na2 {seems wilder.} fxe4 19. Nxb4 axb4 20. fxe4 Bxe4 21. Qe1) 18... Kh8 19. Rc1 Nd7 20. e5 Nb6 21. Kg2 h6 22. Qb3 Bf7 23. Be3 g5 24. hxg5 hxg5 25. Kg1 Kg7 26. Rh2 Rh8 27. Rxh8 Kxh8 28. g4 {[%emt 0:04:33] [#] aiming for gxf5.} f4 (28... Kg7 {feels hotter.} 29. Kg2 Qe7 30. Bd3 Rh8) 29. Bf2 Nd5 ({Better is} 29... Kg7 $11) 30. Ne4 (30. Bd3 $14) 30... Bg6 {[%emt 0:01:01] The position is equal.} 31. Bc4 Rc7 32. Kg2 Rh7 {[%emt 0:04:29] [#] Strongly threatening ...Bxe4.} 33. Rh1 Rxh1 34. Kxh1 Kg7 35. Kg2 b6 36. Bd3 Be7 37. Bc4 Bb4 38. Bd3 Be7 39. Bc4 {[%emt 0:00:05] Weighted Error Value: White=0.06 (flawless) /Black=0.07 (flawless)} 1/2-1/2

[Event "GCT Superbet Romania 2022"]
[Site "Bucharest"]
[Date "2022.05.05"]
[Round "1.3"]
[White "Nepomniachtchi, Ian"]
[Black "Deac, Bogdan-Daniel"]
[Result "1/2-1/2"]
[ECO "C43"]
[WhiteElo "2773"]
[BlackElo "2671"]
[Annotator "TA"]
[PlyCount "58"]
[EventDate "2022.05.05"]
[EventType "tourn"]
[EventCountry "ROU"]
[SourceTitle "playchess.com"]
[Source "ChessBase"]
[SourceQuality "1"]
[TimeControl "40/5400+30:1800+30"]

1. e4 e5 2. Nf3 Nf6 3. d4 Nxe4 4. Bd3 d5 5. Nxe5 Nd7 6. Nc3 Nxc3 7. bxc3 Nxe5 8. dxe5 Bc5 {[%emt 0:00:06] C43: Petroff Defence: 3 d4.} 9. Qh5 g6 10. Qh6 Bf8 11. Qe3 {[%emt 0:00:13] [#]} Qe7 $146 (11... Be7 12. Rb1 b6 13. Qg3 h5 14. O-O Be6 15. Bb5+ Kf8 16. Bc6 h4 17. Qf3 Rb8) ({Predecessor:} 11... Be7 12. Rb1 b6 13. Qg3 h5 14. O-O Be6 15. Bb5+ Kf8 16. Bc6 h4 17. Qf3 Rb8 {½-½ (39) Steinkellner,P (2425)-Serradimigni,R (2473) ICCF email 2019}) 12. a4 Qc5 13. Qd2 Qa5 14. Rb1 Be7 15. O-O O-O $1 16. Qf4 Qxc3 17. h4 c5 ({Black should play} 17... Qc6 $15) 18. h5 (18. Rb5 a6 19. Bb2 Qxd3 20. cxd3 axb5 21. axb5) (18. Bd2 $11 Qa3 19. Ra1) 18... Qd4 (18... c4 19. Bd2 Qa3) (18... c4 $5 19. Bd2 Qa3 $17) 19. Qxd4 {[%emt 0:01:51] The position is equal.} cxd4 20. Bh6 Re8 21. f4 Rb8 (21... b6) (21... b6 $5 ) 22. f5 gxf5 23. Bxf5 d3 24. Bxc8 {[%emt 0:19:11] [#] And now Bf5 would win.} Rbxc8 25. Rf4 dxc2 26. Rg4+ Kh8 $1 27. Bg7+ Kg8 28. Bh6+ Kh8 $1 29. Bg7+ Kg8 {[%emt 0:00:07] An even fight not without its subleties.  Weighted Error Value: White=0.08 (flawless) /Black=0.13 (very precise)} 1/2-1/2

[Event "GCT Superbet Romania 2022"]
[Site "Bucharest"]
[Date "2022.05.05"]
[Round "1.4"]
[White "So, Wesley"]
[Black "Mamedyarov, Shakhriyar"]
[Result "1-0"]
[ECO "E48"]
[WhiteElo "2766"]
[BlackElo "2770"]
[Annotator "TA"]
[PlyCount "104"]
[EventDate "2022.05.05"]
[EventType "tourn"]
[EventCountry "ROU"]
[SourceTitle "playchess.com"]
[Source "ChessBase"]
[SourceQuality "1"]
[TimeControl "40/5400+30:1800+30"]

1. d4 Nf6 2. c4 e6 3. Nc3 Bb4 4. e3 O-O 5. Bd3 d5 6. cxd5 exd5 7. a3 {[%emt 0:00:06] E48: Nimzo-Indian: Rubinstein: 5 Bd3 d5 including 6 Ne2, but excluding 6 a3.} Bd6 8. Qc2 a6 9. Nge2 {[%emt 0:00:13] The position is equal.} Re8 10. O-O b6 11. b4 Nbd7 12. Nf4 {[%emt 0:04:01] [#]} Bxf4 $146 (12... Bb7 13. Rb1 Nf8 14. f3 Ng6 15. Nfe2 Qe7 16. Ng3 Qd7 17. Nf5 Bf8 18. Kh1 Ne7) ({Predecessor:} 12... Bb7 13. Rb1 Nf8 14. f3 Ng6 15. Nfe2 Qe7 16. Ng3 Qd7 17. Nf5 Bf8 18. Kh1 Ne7 {1-0 (40) Rapport,R (2763)-Vidit,S (2727) Belgrade 2022}) 13. exf4 c5 14. dxc5 bxc5 15. Rd1 Bb7 16. Na4 c4 17. Bf5 a5 18. Be3 axb4 19. axb4 Qe7 20. Rab1 g6 21. Bxd7 Nxd7 (21... Qxd7 22. Nb6 Qe6 23. Nxa8 Rxa8 24. Qb2) (21... Qxd7 $2 22. Nb6 Qe6 23. Nxa8 Rxa8 24. Bd4 $18) 22. Nc3 Nf6 23. Bd4 Nh5 24. Qd2 f6 (24... Qh4 25. g3 Qg4 26. Rf1 Qf3) (24... Qh4 {with more complications.} 25. g3 Qg4 26. Rf1 Qf3) 25. h3 Ng7 26. Bc5 Qf7 27. Nb5 $1 {[%emt 0:00:24] Against Ra3} (27. Nxd5 Bxd5 28. Ra1 Rxa1 29. Rxa1 Bb7) ({Don't go for} 27. Nxd5 $2 Bxd5 28. Ra1 Rxa1 29. Rxa1 Qb7 $19) 27... Nf5 28. Nd4 Qd7 29. Re1 Kf7 30. Rxe8 Rxe8 31. Ra1 Ra8 32. Re1 Re8 33. Rxe8 Qxe8 34. Nxf5 gxf5 $14 {[%emt 0:00:02][%mdl 4096] Endgame KQB-KQB} 35. Bd4 Bc6 36. f3 h5 37. Qf2 Qf8 38. Qb2 Qb8 39. Qd2 (39. Bxf6 Qxf4 40. Bh8) (39. Bxf6 $16 {aiming for Bh8.} Qxf4 40. Bh8) 39... Kg6 (39... Qe8) (39... Qe8 $1 $11) 40. Qe3 $16 {[%emt 0:00:00] [#] Hoping for Qe6.} Kf7 {[%emt 0:00:00] Against Qe6+} 41. Bc3 Bd7 42. Kh2 Qd6 43. Kg3 Kg6 44. Kh4 Bb5 45. Qd4 Bd7 46. Qd2 Bc6 47. Bd4 Bd7 48. g3 Be8 49. Qb2 Qc6 (49... Bb5) ({Black should try} 49... Bb5 $14) 50. Qa3 {[%emt 0:00:20][%cal Ob4b5] Strongly threatening b5! White is more active.} Qa4 51. Qe3 {[%emt 0:00:28] White wants to mate with Qe6.} Qd7 {[%emt 0:00:15] [#] Prevents Qe6.} (51... Kf7 $16 {is a better defense.}) 52. b5 $1 $18 {[%emt 0:01:26] b6 is the strong threat.} Qxb5 $2 {[%emt 0:18:43] Weighted Error Value: White=0.05 (flawless) /Black=0.12 (very precise)} (52... Kf7 53. b6 (53. Kxh5 Kf8+) 53... Qd8) (52... Qf7 $18) 1-0

[Event "GCT Superbet Romania 2022"]
[Site "Bucharest"]
[Date "2022.05.05"]
[Round "1.5"]
[White "Vachier-Lagrave, Maxime"]
[Black "Dominguez Perez, Leinier"]
[Result "1/2-1/2"]
[ECO "C42"]
[WhiteElo "2750"]
[BlackElo "2753"]
[Annotator "TA"]
[PlyCount "71"]
[EventDate "2022.05.05"]
[EventType "tourn"]
[EventCountry "ROU"]
[SourceTitle "playchess.com"]
[Source "ChessBase"]
[SourceQuality "1"]
[TimeControl "40/5400+30:1800+30"]

1. e4 e5 2. Nf3 Nf6 3. Nxe5 d6 4. Nd3 Nxe4 5. Qe2 Qe7 6. Nf4 {[%emt 0:00:09] [#] Threatens to win with Nd5. C42: Petroff Defence: 3 Nxe5 and unusual White 3rd moves.} Nf6 {[%emt 0:00:24] Against Nd5} 7. d4 Qxe2+ 8. Bxe2 {[%emt 0:00:20] The position is equal.} Nc6 9. c3 d5 {[%emt 0:00:13] [#]} 10. Bf3 $146 (10. f3 Nd8 11. g4 Ne6 12. h4 Bd6 13. Nxe6 Bxe6 14. h5 h6 15. Na3 a6 16. Nc2) ({Predecessor:} 10. f3 Nd8 11. g4 Ne6 12. h4 Bd6 13. Nxe6 Bxe6 14. h5 h6 15. Na3 a6 16. Nc2 {½-½ (52) Deac,B (2621)-Li,D (2523) Changsha 2019}) 10... Ne7 11. O-O Bf5 12. Re1 {[%emt 0:08:23] White wants to play Nxd5.} O-O-O 13. Nd2 Ng6 14. Nf1 Bd6 15. Ng3 (15. Nxd5 $14 {deserves consideration.} Nh4 16. Ng3) 15... Rhe8 {[%emt 0:12:43] [#]} 16. Be3 $1 Nh4 (16... Bg4 17. Bxg4+) 17. Nxf5 Nxf5 18. Bd2 c6 19. Rxe8 Rxe8 20. Nd3 Nh4 21. Bd1 Ne4 {[%emt 0:00:10] Prevents Bg5.} 22. Be1 {[%emt 0:02:44] f3 is the strong threat.} Nf5 23. a4 (23. Bg4 g6 24. f3) (23. Bg4 $14 g6 24. f3) 23... g6 24. g4 Ng7 25. f3 Nf6 (25... Ng5) 26. Bg3 Bxg3 27. hxg3 Nd7 28. Kf2 h5 29. gxh5 Nxh5 30. Bc2 Ng7 31. Rh1 Nf5 32. g4 Nd6 33. Rh7 Nf6 34. Rh1 Nd7 35. Rh7 Nf6 36. Rh1 {[%emt 0:00:07] Weighted Error Value: White=0.11 (very precise) /Black=0.07 (flawless)} 1/2-1/2

[Event "GCT Superbet Romania 2022"]
[Site "Bucharest"]
[Date "2022.05.06"]
[Round "2.1"]
[White "So, Wesley"]
[Black "Vachier-Lagrave, Maxime"]
[Result "1/2-1/2"]
[ECO "D27"]
[WhiteElo "2766"]
[BlackElo "2750"]
[Annotator "TA"]
[PlyCount "47"]
[EventDate "2022.05.05"]
[EventType "tourn"]
[EventCountry "ROU"]
[SourceTitle "playchess.com"]
[Source "ChessBase"]
[SourceQuality "1"]
[TimeControl "40/5400+30:1800+30"]

1. Nf3 d5 2. d4 Nf6 3. c4 dxc4 4. e3 e6 5. Bxc4 a6 6. O-O c5 7. b3 cxd4 8. Nxd4 Be7 9. Bb2 O-O {[%emt 0:00:07] D27: Queen's Gambit Accepted: Classical main line: 7 e4!? and 7 a4.} 10. Be2 b5 11. a4 bxa4 12. Rxa4 Bb7 13. Bf3 {[%emt 0:00:12] [#]} Qd7 $146 (13... Bxf3 14. Qxf3 Qd5 15. Nd2 Nbd7 16. Rfa1 Qxf3 17. gxf3 Nc5 18. Nc6 Rfe8 19. Nxe7+ Rxe7) ({Predecessor:} 13... Bxf3 14. Qxf3 Qd5 15. Nd2 Nbd7 16. Rfa1 Qxf3 17. gxf3 Nc5 18. Nc6 Rfe8 19. Nxe7+ Rxe7 {1-0 (53) Pacan Milej,K (2401)-Malek,J (2149) Pokrzywna 2021}) 14. Nd2 Nc6 15. Nc4 {[%emt 0:07:56] [#] Hoping for Nb6.} Nxd4 16. Bxd4 Bxf3 17. Qxf3 {[%emt 0:00:05] Strongly threatening Nb6.} Qb5 18. Rb1 Rab8 {[%emt 0:06:28][%cal Ob5a4] [#] White must now prevent ...Qxa4!} 19. Raa1 Rfd8 20. h3 Rd5 21. Qg3 Rg5 (21... Nh5 22. Qf3 Nf6) (21... Nh5 $11 22. Qf3 Nf6) 22. Qf3 {[%emt 0:01:01] And now Ra5 would win.} (22. Qf4 Nd5 23. Qf3) 22... Rd5 23. Qg3 Rg5 24. Qf3 {[%emt 0:02:18] Weighted Error Value: White=0.14 (very precise) /Black=0.08 (flawless)} (24. Qf4 $14 Nd5 25. Qf3) 1/2-1/2

[Event "GCT Superbet Romania 2022"]
[Site "Bucharest"]
[Date "2022.05.06"]
[Round "2.2"]
[White "Firouzja, Alireza"]
[Black "Nepomniachtchi, Ian"]
[Result "0-1"]
[ECO "C24"]
[WhiteElo "2804"]
[BlackElo "2773"]
[Annotator "TA RC"]
[PlyCount "110"]
[EventDate "2022.05.05"]
[EventType "tourn"]
[EventCountry "ROU"]
[SourceTitle "playchess.com"]
[Source "ChessBase"]
[SourceQuality "1"]
[TimeControl "40/5400+30:1800+30"]

1. e4 e5 2. Bc4 Nf6 3. d3 c6 4. Nf3 d5 5. Bb3 a5 {[%emt 0:00:06] Strongly threatening ...a4.} 6. a4 {[%emt 0:00:23] C24: Bishop's Opening: 2...Nf6.} (6. Nxe5 $2 a4 7. Bxa4 Rxa4 $19) 6... Bb4+ 7. c3 Bd6 8. exd5 {[%emt 0:00:12] The position is equal.} cxd5 9. Bg5 Be6 10. Na3 Nbd7 11. Nb5 Bb8 12. d4 {[%emt 0:00:15] White wants to play dxe5.} e4 13. Nd2 O-O 14. Nf1 h6 15. Bh4 Bf4 {[%emt 0:05:10] [#]} 16. h3 $146 ({Predecessor:} 16. Bg3 Bxg3 17. fxg3 Nb6 18. Ne3 Ne8 19. O-O f5 20. Qh5 Kh7 21. Rf2 g5 22. Raf1 {½-½ (57) Oratovsky,M (2462)-Postny,E (2623) Israel 2019}) 16... Re8 17. g3 Bb8 18. g4 Nf8 19. Ne3 Ng6 20. Bxf6 Qxf6 21. Bxd5 (21. Nxd5 $2 Bxd5 22. Bxd5 Nf4 23. Bxf7+ (23. Bc4 $2 e3 $19) 23... Qxf7 $19) 21... Bxd5 22. Nxd5 Qg5 23. c4 Bf4 (23... Nf4 $11) 24. Qb3 (24. Qe2 $14) 24... h5 (24... Nh4 $11 25. Kf1 Nf3) 25. Ne3 $1 $16 Qh4 26. gxh5 Qxh5 27. Qd1 Qh6 28. Nf5 (28. Qe2 $1 $14) 28... Qh7 $1 $11 29. Qg4 Ra6 {[%emt 0:04:38] [#]} (29... e3 $1 $11) 30. Kd1 (30. h4 $1 $16) 30... Rf6 $1 {[%emt 0:00:54][%cal Og6h4][%mdl 1024] Black has compensation.} 31. Re1 {[%emt 0:02:20] [#]} Nf8 $1 32. Ne3 {[%emt 0:01:22] Nd5 is the strong threat.} Bb8 33. Qe2 Qh4 34. Rf1 Rf3 35. Kc2 Ne6 36. Nd5 $1 Ng5 (36... Rxh3 $11 37. Kb1 Nf4 38. Nxf4 Bxf4) 37. Rae1 Re6 38. Ndc3 {[%emt 0:03:19] Pair of Knights!} Ref6 (38... Qh7 39. d5 Re5 40. d6 $16) 39. Nd1 (39. Kb1 $11) 39... R3f4 {[%emt 0:02:26] Black is much more active. The white rooks are badly placed.} (39... Rxh3 $17 {Threatens to win with ...Bf4.} 40. c5 Nf3 41. Qxe4 Nxe1+ 42. Rxe1 Qxe4+ 43. Rxe4 Kf8) 40. Qe3 (40. c5 $15) 40... Nf3 $17 41. d5 (41. Kb1 $17) 41... Be5 ({Not} 41... Nxe1+ 42. Rxe1 Rh6 43. Nbc3 $17) (41... Qxh3 42. Kb1 $15) 42. c5 Nxe1+ 43. Rxe1 Rxf2+ 44. Nxf2 Rf3 ({Much weaker is} 44... Qxf2+ $6 45. Re2 Qf1 46. Qxe4 $11) 45. Nxe4 $2 {[%emt 0:03:11] This move loses the game for White.} (45. Qxe4 $15 Rxf2+ 46. Kd1 Qxh3 47. Re2 Qb3+ 48. Ke1 Rxe2+ 49. Kxe2 Qxb2+ 50. Kd1) 45... Rxe3 $19 46. Rxe3 f5 47. Nec3 Bxc3 48. Nxc3 {[%emt 0:04:07][%mdl 4096] Endgame [#] KQ-KRN} Qf2+ $1 49. Kd3 f4 50. Re4 Qg3+ ({And not} 50... Qxc5 51. Rxf4 Qd6 52. Rf3 $15) 51. Kd2 $2 (51. Kc2 Qxh3 52. Rd4) 51... f3 {[%emt 0:00:49] Hoping for ...f2.} 52. d6 Qg2+ {[%emt 0:00:49][%mdl 64] Skewer} 53. Ne2 f2 54. Re8+ Kf7 55. Re7+ Kf6 {[%emt 0:00:47] Weighted Error Value: White=0.52/Black=0.13 (very precise)} (55... Kf8 $142 56. Nf4 Qg5) 0-1

[Event "GCT Superbet Romania 2022"]
[Site "Bucharest"]
[Date "2022.05.06"]
[Round "2.3"]
[White "Dominguez Perez, Leinier"]
[Black "Caruana, Fabiano"]
[Result "1/2-1/2"]
[ECO "B33"]
[WhiteElo "2753"]
[BlackElo "2786"]
[Annotator "TA"]
[PlyCount "94"]
[EventDate "2022.05.05"]
[EventType "tourn"]
[EventCountry "ROU"]
[SourceTitle "playchess.com"]
[Source "ChessBase"]
[SourceQuality "1"]
[TimeControl "40/5400+30:1800+30"]

1. e4 c5 2. Nf3 e6 3. d4 cxd4 4. Nxd4 Nf6 5. Nc3 Nc6 6. Ndb5 d6 7. Bf4 e5 8. Bg5 a6 9. Na3 b5 10. Nd5 Be7 11. Bxf6 Bxf6 12. c3 Rb8 13. Nc2 O-O 14. a3 (14. h4 $5) 14... g6 {[%emt 0:06:29] B33: Sicilian: Pelikan and Sveshnikov Variations.} 15. Ncb4 {[%emt 0:09:46] Pair of Knights!} Bb7 16. Be2 Bg5 {[%emt 0:18:13] [#]} 17. O-O $146 (17. Nxc6 Bxc6 18. Qb3 Kg7 19. O-O f5 20. Bf3 Rb7 21. exf5 gxf5 22. Nf4 Bxf4 23. Bxc6 Rbf7 24. a4) ({Predecessor:} 17. Nxc6 Bxc6 18. Qb3 Kg7 19. O-O f5 20. Bf3 Rb7 21. exf5 gxf5 22. Nf4 Bxf4 23. Bxc6 Rbf7 24. a4 {1-0 (35) Ehmann,T (2322)-Zimmer,R (2091) Untergrombach 2020}) 17... Ne7 18. Qd3 Nc8 19. Rfd1 a5 20. Nc2 Nb6 21. Nce3 (21. Qxb5 Bxd5 22. exd5 Nd7) ({Stronger than} 21. Qxb5 Bxd5 22. exd5 Nd7 $17) 21... Na4 22. Qc2 Bxe3 23. Nxe3 Nc5 24. Bd3 a4 25. f3 Bc8 26. Qf2 Be6 27. Bc2 Qe7 28. Rd2 (28. Nd5 $5 Qd8 29. f4 $11) 28... Nb3 29. Bxb3 Bxb3 30. Re1 Qe6 31. f4 exf4 $1 32. Qxf4 Qe5 33. Qh4 {[%emt 0:00:45] White wants to play Ng4.} h5 {[%emt 0:00:54] Prevents Ng4.} 34. Rd4 (34. Nd5 Kg7 35. Rf1 f6 36. Nf4) (34. Nd5 {keeps more tension.} Kg7 35. Rf1 f6 36. Rd4) 34... Rbe8 {[%emt 0:01:10] The position is equal.} 35. Rf1 f5 {[%emt 0:02:57][%cal Rf5e4] Against g4} 36. Rf4 Rf7 37. Qg5 Kh7 38. h4 (38. Nxf5 Rxf5 39. Rxf5 gxf5 40. Qxh5+ Kg7 41. Qg5+ Kf7 42. Qh5+ Kg7 43. Qg5+ Kf7 44. Qh5+ Kg7) ({Reject} 38. Nxf5 Rxf5 39. Rxf5 gxf5 40. Qxh5+ Kg7 41. Qg5+ Kf7 42. Qh5+ Kg7 43. Qg5+ Kf7 44. Qh5+ Kg7 $17) 38... fxe4 (38... Ba2 39. Rf3 f4 40. Nd5 Bxd5 41. Qxe5 Rxe5 42. exd5 g5) 39. Rxf7+ Bxf7 40. Qxe5 dxe5 $11 {[%emt 0:00:00][%mdl 4096] Endgame KRB-KRN} 41. Rd7 Kg7 42. Kf2 Kf6 43. Rd6+ Re6 44. Nd5+ Kf5 45. Ne3+ Kf6 $1 46. Nd5+ Kf5 47. Ne3+ Kf6 $1 {[%emt 0:14:20] Weighted Error Value: White=0.07 (flawless) /Black=0.04 (flawless)} 1/2-1/2

[Event "GCT Superbet Romania 2022"]
[Site "Bucharest"]
[Date "2022.05.06"]
[Round "2.4"]
[White "Mamedyarov, Shakhriyar"]
[Black "Rapport, Richard"]
[Result "1/2-1/2"]
[ECO "C10"]
[WhiteElo "2770"]
[BlackElo "2776"]
[Annotator "TA"]
[PlyCount "73"]
[EventDate "2022.05.05"]
[EventType "tourn"]
[EventCountry "ROU"]
[SourceTitle "playchess.com"]
[Source "ChessBase"]
[SourceQuality "1"]
[TimeControl "40/5400+30:1800+30"]

1. e4 e6 2. d4 d5 3. Nc3 Nc6 4. e5 f6 5. Bb5 Qd7 6. Nf3 {[%emt 0:08:08] C10: French with 3 Nc3: Unusual Black 3rd moves and 3...dxe4.} a6 7. Bxc6 Qxc6 8. O-O {[%emt 0:01:35] [#] White is slightly better.} Ne7 $146 (8... Bd7 9. Re1 O-O-O 10. Ne2 h6 11. b3 f5 12. Qd3 Be8 13. c4 dxc4 14. bxc4 Bc5) ({Predecessor:} 8... Bd7 9. Re1 O-O-O 10. Ne2 h6 11. b3 f5 12. Qd3 Be8 13. c4 dxc4 14. bxc4 Bc5 {1-0 (34) Tari,A (2635)-Rendle,T (2361) Daventry 2020}) 9. exf6 gxf6 10. Nh4 h5 11. Qf3 Bg7 12. b3 {[%emt 0:05:05] White is more active.} (12. Re1 $14) 12... e5 $11 13. Ba3 $1 Bg4 14. Qg3 {[%emt 0:05:05] [#] Hoping for Bxe7.} Rg8 $1 15. Bxe7 Kxe7 16. Rae1 {[%emt 0:00:05] White wants to play Qd3.} e4 17. Na4 {[%emt 0:09:18] aiming for f3.} (17. Qe3 Be6 18. Ne2) 17... f5 $1 {[%emt 0:13:01] [#] Strongly threatening ...f4. The position is equal.} 18. f3 (18. h3 $5 f4 19. Qh2 $11 (19. Qxf4 Raf8 $15)) 18... Bxd4+ 19. Kh1 f4 $1 20. Qxf4 Raf8 21. Qd2 {[%emt 0:02:52] Dancing on a razor blade.} Bf6 {[%emt 0:00:55] This bishop pair is nice.} (21... Qf6 22. c3) (21... Qf6 $2 22. c3 $18) 22. fxe4 dxe4 23. Rxe4+ Qxe4 24. Re1 $1 Qxe1+ 25. Qxe1+ Kd8 26. h3 $1 Bxh3 27. gxh3 Bd4 $1 28. Qd1 Rg1+ 29. Qxg1 Bxg1 30. Kxg1 Rf4 $1 31. Ng2 Rf3 32. h4 b6 33. Nb2 {[%emt 0:00:38] Threatens to win with Nd3.} Rc3 34. Ne1 Rh3 35. Ng2 Rc3 36. Ne1 Rh3 37. Ng2 {[%emt 0:00:02] Weighted Error Value: White=0.05 (flawless) /Black=0.01 (flawless)} 1/2-1/2

[Event "GCT Superbet Romania 2022"]
[Site "Bucharest"]
[Date "2022.05.06"]
[Round "2.5"]
[White "Deac, Bogdan-Daniel"]
[Black "Aronian, Levon"]
[Result "1/2-1/2"]
[ECO "D27"]
[WhiteElo "2671"]
[BlackElo "2765"]
[Annotator "TA"]
[PlyCount "105"]
[EventDate "2022.05.05"]
[EventType "tourn"]
[EventCountry "ROU"]
[SourceTitle "playchess.com"]
[Source "ChessBase"]
[SourceQuality "1"]
[TimeControl "40/5400+30:1800+30"]

1. d4 d5 2. Nf3 Nf6 3. c4 dxc4 4. e3 e6 5. Bxc4 c5 6. O-O a6 7. b3 Nc6 8. Bb2 cxd4 9. Nxd4 Nxd4 {[%emt 0:00:07] D27: Queen's Gambit Accepted: Classical main line: 7 e4!? and 7 a4.} 10. Bxd4 Bd7 11. Nd2 Bc6 12. Nf3 {[%emt 0:05:28] [#]} Be4 $146 (12... Be7 13. Ne5 Bd5 14. Bd3 O-O 15. Qe2 Rc8 16. Rfd1 Qa5 17. e4 Bc6 18. Nc4 Qh5) ({Predecessor:} 12... Be7 13. Ne5 Bd5 14. Bd3 O-O 15. Qe2 Rc8 16. Rfd1 Qa5 17. e4 Bc6 18. Nc4 Qh5 {0-1 (42) Salinas Herrera,P (2521)-Tanenbaum,Z (2148) Chess.com INT 2022}) 13. Ng5 {[%emt 0:13:11] [#] Threatens to win with Bxf6.} Bc6 $1 14. Qe2 Qa5 15. f4 Be7 16. Rad1 h6 17. Nf3 O-O 18. Ne5 Be4 19. Bd3 Bxd3 20. Rxd3 Rac8 21. Nc4 Qh5 22. Qxh5 Nxh5 23. g4 Nf6 24. Bxf6 Bxf6 25. a4 b5 26. axb5 axb5 27. Na3 Rb8 28. Rf2 Rb6 29. Rfd2 Ra8 30. Nc2 Rc6 31. Nd4 Rc1+ 32. Kg2 b4 33. Rd1 Ra2+ 34. Kg3 {[%emt 0:00:27] [#]} Rc5 (34... Rxd1 35. Rxd1 Rb2) (34... Rxd1 $1 $17 35. Rxd1 Rb2) 35. h4 e5 36. fxe5 Bxe5+ 37. Kf3 Bf6 (37... Rh2 38. h5 Bf6) 38. h5 {[%emt 0:00:37] The position is equal.} Rh2 39. Ne2 Rg5 40. Nf4 {[%emt 0:00:00] Inhibits Rh3+.} Rh4 41. Rg1 Be5 42. Rd8+ Kh7 43. Rf8 Bxf4 44. exf4 $11 {[%emt 0:01:03][%mdl 4096] Endgame KRR-KRR} (44. Kxf4 f6) ({But not} 44. Kxf4 f6 $15) 44... Rh3+ $1 45. Rg3 Rxg3+ 46. Kxg3 {[%emt 0:00:34] KR-KR} Rd5 47. Rxf7 Rd3+ 48. Kf2 Rxb3 49. Rb7 Rb2+ 50. Kf3 Rb3+ 51. Kf2 Rb2+ 52. Kf3 Rb3+ 53. Kf2 {[%emt 0:02:22] Weighted Error Value: White=0.04 (flawless) /Black=0.06 (flawless)} 1/2-1/2